 Dungeon Crawl Stone Soup version 0.31.0-4-g52a2dc7128 (webtiles) character file.

Game seed: 11028760092533446658

4 RancidPinata the Sneak (level 1, -4/16 HPs)
             Began as an Octopode Delver on Jan 22, 2024.
             Killed from afar by an orc wizard (9 damage)
             ... with a magic dart
             ... on level 6 of the Dungeon.
             The game lasted 00:00:08 (12 turns).

RancidPinata the Sneak (Octopode Delver)              Turns: 12, Time: 00:00:09

Health: -4/16      AC:  1    Str: 11    XL:     1   Next: 60%
Magic:  1/1        EV: 13    Int: 12    God:
Gold:   0          SH:  0    Dex: 13    Spells: 0/0 levels left

rFire   . . .        a - +0 short sword
rCold   . . .        (no shield)
rNeg    . . .        (helmet restricted)
rPois   .            (no amulet)
rElec   .            (no ring)
rCorr   .            (no ring)
SInv    .            (no ring)
Will    .....        (no ring)
Stlth   ++++         (no ring)
HPRegen 0.22/turn    (no ring)
MPRegen 0.07/turn    (no ring)
                     (no ring)

%: no passive effects
@: no status effects
A: almost no armour, amphibious, 8 rings, camouflage 1, gelatinous body 1,
(nimble swimmer 1), tentacles
a: no special abilities


You were on level 6 of the Dungeon.
You visited 1 branch of the dungeon, and saw 2 of its levels.

Inventory:

Hand Weapons
 a - a +0 short sword (weapon)
Wands
 f - a wand of digging (3)
Scrolls
 b - a scroll of fog
 c - a scroll of revelation
 d - a scroll of fear
Potions
 e - a potion of haste


   Skills:
 + Level 3.0 Fighting
 + Level 2.1 Short Blades
 + Level 2.1 Dodging
 + Level 6.6 Stealth


You couldn't memorise any spells.
You didn't know any spells.
Your spell library was empty.

Dungeon Overview and Level Annotations

Branches:
Dungeon (6/15)
 Temple: D:4-7

Altars:


Innate Abilities, Weirdness & Mutations

You cannot wear most types of armour.
You are amphibious.
You can wear up to eight rings at the same time.
Your skin changes colour to match your surroundings (Stealth+).
Your rubbery body absorbs attacks. (AC +1, EV +1)
((You are camouflaged when in or above water. (Stealth+)))
You have tentacles for arms and can constrict up to eight enemies at once.


Message History

Welcome, RancidPinata the Octopode Delver.
A smirking vizier told you that the Orb of Zot is just within this dungeon.
Press ? for a list of commands and other information.
Found 15 gold pieces.
Found a stone staircase leading down.
You climb downwards.
The orc shouts! x3; The orc wizard shouts!
The orc shouts!
Found a robe.
There is a stone staircase leading up here.
The orc completely misses you. The orc closely misses you.
You climb upwards.
There is a stone staircase leading down here.
You hit the orc. You grab the orc. You squeeze the orc.
You kill the orc!
You hit the orc. You grab the orc.
The orc is moderately wounded.
You constrict the orc, but do no damage.
The orc hits you with a +0 whip.
You hit the orc.
The orc is almost dead.
You constrict the orc.
You kill the orc!
You start resting.
HP restored.
You climb downwards.
The orc barely misses you. x2
The orc wizard casts a spell at you. The puff of flame hits you!
Ouch! That really hurt!
There is a stone staircase leading up here.
The orc barely misses you. The orc hits you with a +0 hand axe.
The orc wizard points at you and mumbles some strange words.
The magic dart hits you!
Ouch! That really hurt!
You die...

.... .
.... .
#..# .#
#..##.###
#........
#........
#oo......
#@.......
#........
#.....o..
#.....###
#.....#
..[....#
.......#
.......#


You could see an orc wizard and 2 orcs.

Vanquished Creatures
  2 orcs (D:5)
2 creatures vanquished.

Notes
Turn   | Place    | Note
-------+----------+-------------------------------------------
     0 | D:5      | RancidPinata the Octopode Delver began the quest for the
                  | Orb.
     0 | D:5      | Reached XP level 1. HP: 16/16 MP: 1/1
     1 | D:6      | Noticed an orc wizard
    12 | D:6      | Killed from afar by an orc wizard

Illustrated notes

Levels and vault maps discovered:
D:5:      layout_basic, mainiacjoe_overflow_small_starburst, grunt_ministairs_9
D:6:      layout_gridville, mainiacjoe_overflow_large_starburst,
          minmay_temple_entry_offerings, biasface_ghost_orc_armoury,
          uniq_sigmund, uniq_eustachio

Action                     || total
---------------------------++-------
  Melee: Short sword       ||     3
         Constrict         ||     2
         Tentacles         ||     1
 Armour: Skin              ||     4
  Dodge: Dodged            ||     5
